3A
DELAWARE 1787 BC @ BELLEVUE BRUINS
06/22/2024
 
TOP OF THE 1ST
Delaware 1787 BC batting - Pitching for Bellevue Bruins : RHP Alfonso Santa Maria
Pitching: RHP Alfonso Santa Maria
Batting: RHB José López 0-0: Ball
1-0: Called Strike
1-1: Swinging Strike
1-2: Strikes out swinging
Batting: LHB Ward Wilberfoss 0-0: Foul Ball, location: 2F
0-1: Ball
1-1: Ball
2-1: Ball
3-1: Base on Balls
Batting: RHB Felipe Bruno 0-0: Foul Ball, location: 2F
0-1: Ball
1-1: Ball
2-1: Foul Ball, location: 2F
2-2: Ball
3-2: Strikes out swinging
Batting: RHB Nobuhiko Nakayama 0-0: Ball
1-0: Fly out, F8 (Flyball, 8RD)
Top of the 1st over - 0 run(s), 0 hit(s), 0 error(s), 1 left on base; Delaware 0 - Bellevue 0
BOTTOM OF THE 1ST
Bellevue Bruins batting - Pitching for Delaware 1787 BC : RHP Riley Breckenridge
Pitching: RHP Riley Breckenridge
Batting: RHB Jesús Vargas 0-0: Ball
1-0: Called Strike
1-1: Ball
2-1: Foul Ball, location: 2F
2-2: Strikes out swinging
Batting: RHB Luis Ríos 0-0: Called Strike
0-1: Ball
1-1: Called Strike
1-2: Ball
2-2: Strikes out swinging
Batting: RHB Gary Chalmers 0-0: Called Strike
0-1: SINGLE (Line Drive, 89S)
Batting: SHB Jesús Rodríguez 0-0: Ball
1-0: Fly out, F9 (Flyball, 9LM)
Bottom of the 1st over - 0 run(s), 1 hit(s), 0 error(s), 1 left on base; Delaware 0 - Bellevue 0
TOP OF THE 2ND
Delaware 1787 BC batting - Pitching for Bellevue Bruins : RHP Alfonso Santa Maria
Batting: RHB Gilberto Rodríguez 0-0: Ball
1-0: Called Strike
1-1: Ground out 6-3 (Groundball, 6M)
Batting: LHB Russ Hanneman 0-0: Ball
1-0: Ground out 4-3 (Groundball, 4S)
Batting: RHB Jorge Figueroa 0-0: Fly out, F4 (Popup, 4D)
Top of the 2nd over - 0 run(s), 0 hit(s), 0 error(s), 0 left on base; Delaware 0 - Bellevue 0
BOTTOM OF THE 2ND
Bellevue Bruins batting - Pitching for Delaware 1787 BC : RHP Riley Breckenridge
Batting: LHB Jim Schlossnagle 0-0: Called Strike
0-1: Swinging Strike
0-2: Ball
1-2: Ball
2-2: Ball
3-2: Base on Balls
Batting: RHB Edgar González 0-0: Ball
1-0: Called Strike
1-1: SINGLE (Line Drive, 5)
Jim Schlossnagle to second
Batting: RHB Mark Bishop 0-0: Swinging Strike
0-1: Called Strike
0-2: Ball
1-2: Ball
2-2: Ground out 4-3 (Groundball, 4M)
Jim Schlossnagle to third
Edgar González to second
Batting: RHB Leo Shoemaker 0-0: Called Strike
0-1: Ball
1-1: Swinging Strike
1-2: Strikes out looking
Batting: RHB Nick Hoskins 0-0: Ball
1-0: Called Strike
1-1: Ground out 5-3 (Groundball, 5L)
Bottom of the 2nd over - 0 run(s), 1 hit(s), 0 error(s), 2 left on base; Delaware 0 - Bellevue 0
TOP OF THE 3RD
Delaware 1787 BC batting - Pitching for Bellevue Bruins : RHP Alfonso Santa Maria
Batting: RHB Senior Pond 0-0: DOUBLE (Groundball, 5L)
Batting: RHB Thurman Blumer 0-0: Foul Ball, location: 2F
0-1: Foul Ball, location: 2F
0-2: Foul Ball, location: 2F
0-2: Foul Ball, location: 2F
0-2: Ball
1-2: Ball
2-2: Strikes out swinging
Batting: RHB José López 0-0: Ball
Senior Pond is caught stealing 3rd base
1-0: Ground out 5-3 (Groundball, 5)
Top of the 3rd over - 0 run(s), 1 hit(s), 0 error(s), 0 left on base; Delaware 0 - Bellevue 0
BOTTOM OF THE 3RD
Bellevue Bruins batting - Pitching for Delaware 1787 BC : RHP Riley Breckenridge
Batting: RHB Jesús Vargas 0-0: Ball
1-0: Ball
2-0: Foul Ball, location: 2F
2-1: Swinging Strike
2-2: Fly out, F8 (Flyball, 8LM)
Batting: RHB Luis Ríos 0-0: Fly out, F1 (Line Drive, 13)
Batting: RHB Gary Chalmers 0-0: Called Strike
0-1: Foul Ball, location: 2F
0-2: Ball
1-2: Ball
2-2: Ball
3-2: Ground out 1-3 (Groundball, 23)
Bottom of the 3rd over - 0 run(s), 0 hit(s), 0 error(s), 0 left on base; Delaware 0 - Bellevue 0
TOP OF THE 4TH
Delaware 1787 BC batting - Pitching for Bellevue Bruins : RHP Alfonso Santa Maria
Batting: LHB Ward Wilberfoss 0-0: Called Strike
0-1: Fly out, F6 (Line Drive, 6)
Batting: RHB Felipe Bruno 0-0: Ball
1-0: Swinging Strike
1-1: Fly out, F7 (Flyball, 78XD)
Batting: RHB Nobuhiko Nakayama 0-0: Ground out 1-3 (Groundball, 13S)
Top of the 4th over - 0 run(s), 0 hit(s), 0 error(s), 0 left on base; Delaware 0 - Bellevue 0
BOTTOM OF THE 4TH
Bellevue Bruins batting - Pitching for Delaware 1787 BC : RHP Riley Breckenridge
Batting: SHB Jesús Rodríguez 0-0: Called Strike
0-1: Ball
1-1: Ground out 4-3 (Groundball, 34)
Batting: LHB Jim Schlossnagle 0-0: Ground out 4-3 (Groundball, 4)
Batting: RHB Edgar González 0-0: Ball
Single, Error in OF, E8, batter to second base
Batting: RHB Mark Bishop 0-0: Ball
1-0: Ball
2-0: Fly out, F2 (Popup, 2LF)
Bottom of the 4th over - 0 run(s), 1 hit(s), 1 error(s), 1 left on base; Delaware 0 - Bellevue 0
TOP OF THE 5TH
Delaware 1787 BC batting - Pitching for Bellevue Bruins : RHP Alfonso Santa Maria
Batting: RHB Gilberto Rodríguez 0-0: Called Strike
0-1: Foul Ball, location: 2F
0-2: Ball
1-2: DOUBLE (Line Drive, 5L)
Batting: LHB Russ Hanneman 0-0: Ball
1-0: Ground out 4-3 (Groundball, 4M)
Gilberto Rodríguez to third
Batting: RHB Jorge Figueroa 0-0: Called Strike
0-1: Foul Ball, location: 2F
0-2: Fly out, F2 (Popup, 2RF)
Batting: RHB Senior Pond 0-0: Called Strike
0-1: Foul Ball, location: 2F
0-2: Strikes out looking
Top of the 5th over - 0 run(s), 1 hit(s), 0 error(s), 1 left on base; Delaware 0 - Bellevue 0
BOTTOM OF THE 5TH
Bellevue Bruins batting - Pitching for Delaware 1787 BC : RHP Riley Breckenridge
Batting: RHB Leo Shoemaker 0-0: Ball
1-0: Ball
2-0: Bunt missed!
2-1: Ground out 1-3 (Groundball, 15)
Batting: RHB Nick Hoskins 0-0: Bunt for hit - play at first, batter safe!
Batting: RHB Jesús Vargas 0-0: Grounds into double play, U6-3 (Groundball, 6M)
Bottom of the 5th over - 0 run(s), 1 hit(s), 0 error(s), 0 left on base; Delaware 0 - Bellevue 0
TOP OF THE 6TH
Delaware 1787 BC batting - Pitching for Bellevue Bruins : RHP Alfonso Santa Maria
Batting: RHB Thurman Blumer 0-0: Fly out, F9 (Popup, 3D)
Batting: RHB José López 0-0: Called Strike
0-1: Swinging Strike
0-2: Ball
1-2: Fly out, F8 (Flyball, 8LM)
Batting: LHB Ward Wilberfoss 0-0: Ball
1-0: Called Strike
1-1: Ball
2-1: Called Strike
2-2: Foul Ball, location: 2F
2-2: Foul Ball, location: 2F
2-2: Ball
3-2: Foul Ball, location: 2F
3-2: Base on Balls
Batting: RHB Felipe Bruno 0-0: Fly out, F3 (Popup, 3F)
Top of the 6th over - 0 run(s), 0 hit(s), 0 error(s), 1 left on base; Delaware 0 - Bellevue 0
BOTTOM OF THE 6TH
Bellevue Bruins batting - Pitching for Delaware 1787 BC : RHP Riley Breckenridge
Batting: RHB Luis Ríos 0-0: Ball
1-0: Ball
2-0: Swinging Strike
2-1: Fly out, F8 (Flyball, 8RM)
Batting: RHB Gary Chalmers 0-0: Called Strike
0-1: Ball
1-1: Foul Ball, location: 2F
1-2: Hit by Pitch
Batting: SHB Jesús Rodríguez 0-0: Ball
1-0: Ball
2-0: SINGLE (Groundball, 34D)
Gary Chalmers to second
Runner from 2nd tries for 3rd, SAFE, no throw or cutoff
Batting: LHB Jim Schlossnagle 0-0: Called Strike
0-1: Ball
1-1: Swinging Strike
1-2: Ball
2-2: SINGLE (Flyball, 8RS)
Gary Chalmers scores
Jesús Rodríguez to second
Batting: RHB Edgar González 0-0: Ball
1-0: Called Strike
1-1: SINGLE (Groundball, 4MD)
Jesús Rodríguez to third
Jim Schlossnagle to second
Runner from 3rd tries for Home, SAFE, throw made home
Jim Schlossnagle to third
Edgar González to second
Batting: RHB Mark Bishop 0-0: Ball
1-0: Ball
2-0: Called Strike
2-1: DOUBLE (Line Drive, 9LS)
Jim Schlossnagle scores
Edgar González scores
Batting: RHB Leo Shoemaker 0-0: Intentional Walk
Batting: RHB Nick Hoskins 0-0: Ball
1-0: Foul Ball, location: 2F
1-1: SINGLE (Groundball, 34D) (infield hit)
Mark Bishop to third
Leo Shoemaker to second
Batting: RHB Jesús Vargas 0-0: Ball
1-0: Fielders Choice at 2nd, 6-4 (Groundball, 6)
Mark Bishop scores
Leo Shoemaker to third
Pitching: LHP Jian-gang Ow-Yang
Batting: RHB Luis Ríos 0-0: Foul Ball, location: 2F
0-1: Ground out 6-3 (Groundball, 6)
Bottom of the 6th over - 5 run(s), 5 hit(s), 0 error(s), 2 left on base; Delaware 0 - Bellevue 5
TOP OF THE 7TH
Delaware 1787 BC batting - Pitching for Bellevue Bruins : RHP Alfonso Santa Maria
Batting: RHB Nobuhiko Nakayama 0-0: Called Strike
0-1: Ball
1-1: Swinging Strike
1-2: Ball
2-2: Strikes out swinging
Batting: RHB Gilberto Rodríguez 0-0: Ball
1-0: Ball
2-0: Called Strike
2-1: Foul Ball, location: 2F
2-2: Ground out 1-3 (Groundball, 15)
Batting: LHB Russ Hanneman 0-0: Foul Ball, location: 2F
0-1: Ball
1-1: Foul Ball, location: 2F
1-2: Foul Ball, location: 2F
1-2: Ball
2-2: Fly out, F8 (Flyball, 8RM)
Top of the 7th over - 0 run(s), 0 hit(s), 0 error(s), 0 left on base; Delaware 0 - Bellevue 5
BOTTOM OF THE 7TH
Bellevue Bruins batting - Pitching for Delaware 1787 BC : LHP Jian-gang Ow-Yang
Batting: RHB Gary Chalmers 0-0: Fly out, F7 (Flyball, 7M)
Batting: SHB Jesús Rodríguez 0-0: Ball
1-0: Ball
2-0: Ball
3-0: Called Strike
3-1: Base on Balls
Batting: LHB Jim Schlossnagle 0-0: Ball
1-0: Fly out, F3 (Popup, 3F)
Batting: RHB Edgar González 0-0: Called Strike
0-1: Called Strike
0-2: Foul Ball, location: 2F
0-2: Ball
1-2: Ball
2-2: Ground out 5-3 (Groundball, 5L)
Bottom of the 7th over - 0 run(s), 0 hit(s), 0 error(s), 1 left on base; Delaware 0 - Bellevue 5
TOP OF THE 8TH
Delaware 1787 BC batting - Pitching for Bellevue Bruins : RHP Alfonso Santa Maria
Pitching: LHP Roberto González
Batting: RHB Jorge Figueroa 0-0: Swinging Strike
0-1: Ball
1-1: Ground out 6-3 (Groundball, 56)
Batting: RHB Senior Pond 0-0: Swinging Strike
0-1: Ball
1-1: Foul Ball, location: 2F
1-2: Strikes out looking
Batting: RHB Thurman Blumer 0-0: Ball
1-0: Called Strike
1-1: Foul Ball, location: 2F
1-2: Ball
2-2: Ball
3-2: Foul Ball, location: 2F
3-2: Fly out, F8 (Flyball, 8RM)
Top of the 8th over - 0 run(s), 0 hit(s), 0 error(s), 0 left on base; Delaware 0 - Bellevue 5
BOTTOM OF THE 8TH
Bellevue Bruins batting - Pitching for Delaware 1787 BC : LHP Jian-gang Ow-Yang
Batting: RHB Mark Bishop 0-0: Ball
1-0: Ball
2-0: Called Strike
2-1: Ground out 6-3 (Groundball, 6)
Batting: RHB Leo Shoemaker 0-0: Fly out, F8 (Flyball, 8RM)
Batting: RHB Nick Hoskins 0-0: Ball
1-0: Ball
2-0: Foul Ball, location: 2F
2-1: Fly out, F7 (Line Drive, 7M)
Bottom of the 8th over - 0 run(s), 0 hit(s), 0 error(s), 0 left on base; Delaware 0 - Bellevue 5
TOP OF THE 9TH
Delaware 1787 BC batting - Pitching for Bellevue Bruins : LHP Roberto González
Now at 3B: Luis Rodríguez
Batting: RHB José López 0-0: SINGLE (Groundball, 6M)
Batting: LHB Ward Wilberfoss 0-0: Reached on error, E1 (Groundball, 15)
José López to second
Batting: RHB Felipe Bruno 0-0: Called Strike
0-1: Ball
1-1: Ball
2-1: Ball
3-1: 3-RUN HOME RUN (Flyball, 7LD), Distance : 359 ft
Pitching: RHP Antoine Ayuso
Batting: RHB Nobuhiko Nakayama 0-0: Ball
1-0: SINGLE (Flyball, 78S)
Pinch Hitting: RHB Nelson Torez 0-0: Called Strike
0-1: Called Strike
0-2: Foul Ball, location: 2F
0-2: Ball
1-2: Ball
2-2: Ball
3-2: Base on Balls
Nobuhiko Nakayama to second
Pinch Hitting: RHB Julián García 0-0: Fly out, F2 (Popup, 25F)
Pinch Hitting: RHB Lou Faucett 0-0: Called Strike
0-1: Ball
1-1: Called Strike
1-2: Strikes out swinging
Pinch Hitting: RHB Rick McGuire 0-0: Foul Ball, location: 2F
0-1: Called Strike
0-2: Strikes out looking
Top of the 9th over - 3 run(s), 3 hit(s), 1 error(s), 2 left on base; Delaware 3 - Bellevue 5
This league is powered by Out of the Park Baseball, the baseball management simulation game for PC, Mac and Linux
Monday, October 3rd, 2016 - OOTP Baseball 16.9 Build 39